 Dungeon Crawl Stone Soup version 0.25.1-2-g60ff931df9 (webtiles) character file.

Game seed: 16008003730850348116

41 DogServant the Conjurer (level 3, -2/19 HPs)
             Began as a Deep Elf Conjurer on Nov 10, 2020.
             Slain by Robin
             ... wielding a +0 spear
              (4 damage)
             ... on level 2 of the Dungeon.
             The game lasted 00:02:07 (1609 turns).

DogServant the Conjurer (Deep Elf Conjurer)         Turns: 1609, Time: 00:02:07

Health: -2/19      AC:  3    Str:  5    XL:     3   Next: 32%
Magic:  10/10      EV: 13    Int: 20    God:
Gold:   49         SH:  0    Dex: 15    Spells: 3/9 levels left

rFire    . . .     SeeInvis .   (no weapon)
rCold    . . .     Gourm    .   (no shield)
rNeg     . . .     Faith    .   a - +0 robe
rPois    .         Spirit   .   (no helmet)
rElec    .         Reflect  .   (no cloak)
rCorr    .         Harm     .   (no gloves)
MR       .....                  g - +0 pair of boots
Stlth    ++........             (no amulet)
HPRegen  0.06/turn              (no ring)
MPRegen  0.12/turn              (no ring)

@: no status effects
A: no striking features
a: no special abilities


You were on level 2 of the Dungeon.
You were not hungry.

You visited 1 branch of the dungeon, and saw 2 of its levels.

You collected 49 gold pieces.

Inventory:

Missiles
 f - 24 poisoned darts (quivered)
Armour
 a - a +0 robe (worn)
 g - a +0 pair of boots (worn)
Scrolls
 e - 2 scrolls of noise
 h - a scroll of identify
Potions
 b - a potion of flight
 d - a potion of degeneration {unknown}
Comestibles
 c - 4 rations
 i - 2 chunks of flesh


   Skills:
 - Level 3.1 Dodging
 - Level 2.4 Stealth
 + Level 3.6 Spellcasting
 * Level 5.1 Conjurations


You had 3 spell levels left.
You knew the following spells:

 Your Spells              Type           Power        Failure   Level  Hunger
a - Magic Dart            Conj           ###.         1%          1    None
b - Searing Ray           Conj           ###...       2%          2    ##.....
c - Dazzling Flash        Conj/Hex       ##....       14%         3    ###....

Your spell library contained the following spells:

 Spells                   Type           Power        Failure   Level  Hunger
 Fulminant Prism          Conj/Hex       ##........   43%         4    ####...
 Iskenderun's Mystic Bla  Conj/Tloc      ##......     43%         4    ####...


Dungeon Overview and Level Annotations

Branches:
Dungeon (2/15)

Altars:

Annotations:
D:2 Robin


Message History

There is a stone staircase leading down here.
You climb downwards. 9 goblins, 3 hobgoblins and Robin come into view.
Robin shouts!
The goblin shouts! x3; The hobgoblin shouts! x2
The goblin shouts! x3
The goblin closely misses you.
Robin roars a battlecry!
The goblins go into a battle-frenzy!
The goblin hits you with a +0 club! The goblin hits you but does no damage.
The goblin hits you.
* * * LOW HITPOINT WARNING * * *
Robin hits you but does no damage.
The hobgoblin shouts!
The goblin shouts!
Found 18 stones, a potion of flight and a scroll labeled DUL IDUROIPPOE.
There is a stone staircase leading up, spattered with blood here.
The goblin hits you with a +0 club.
* * * LOW HITPOINT WARNING * * *
The goblin misses you.
Robin hits you from afar with a +0 spear.
You die...

## . #. .
#.
####.####
#.!..g.g#
#.(.gg@.#
#...gggg#
#...g.gg#
#.....gg#
#.......#
#.......#
#########


You could see Robin, 3 hobgoblins and 9 goblins.

Vanquished Creatures
  A gnoll (D:1)
  A leopard gecko (D:1)
  A bat (D:1)
  A giant cockroach (D:1)
  2 goblins (D:1)
  4 hobgoblins (D:1)
  8 jackals (D:1)
  A kobold (D:1)
  4 frilled lizards (D:1)
  4 rats (D:1)
27 creatures vanquished.

Notes
Turn   | Place    | Note
-------+----------+-------------------------------------------
     0 | D:1      | DogServant the Deep Elf Conjurer began the quest for the
                  | Orb.
     0 | D:1      | Reached XP level 1. HP: 10/10 MP: 6/6
   210 | D:1      | Reached XP level 2. HP: 15/15 MP: 6/8
  1041 | D:1      | Reached skill level 5 in Conjurations
  1041 | D:1      | Reached XP level 3. HP: 19/19 MP: 8/10
  1458 | D:1      | Learned a level 2 spell: Searing Ray
  1462 | D:1      | Learned a level 3 spell: Dazzling Flash
  1608 | D:2      | Noticed Robin
  1609 | D:2      | Slain by Robin

Illustrated notes

Levels and vault maps discovered:
D:1:      minmay_arrival_five_plusses, layout_basic
D:2:      minmay_chambers_of_ones, layout_loops_cross, first_ration,
          fedhas_altar_1, uniq_robin

Skill      XL: |  1  2 |
---------------+-------+-----
Dodging        | 3 |  3.1
Conjurations   | 5 |  5.1
Stealth        | |  2.4
Spellcasting   | |  3.6

Action                   || total
-------------------------++-------
Melee: Unarmed           ||    10
Throw: Dart              ||     7
 Cast: Magic Dart        ||    57
  Use: Scroll            ||     1
       Potion            ||     1
  Eat: Chunk             ||     2
Armor: Robe              ||     9
Dodge: Dodged            ||    32
